 Dungeon Crawl Stone Soup version 0.21-a0-221-gfe971b9 (webtiles) character file.

153 4thArraOfDagon the Ruffian (level 5, 0/50 HPs)
             Began as a Troll Monk on Aug 24, 2017.
             Slain by a goblin (4 damage)
             ... on level 2 of the Dungeon.
             The game lasted 00:01:07 (170 turns).

4thArraOfDagon the Ruffian (Troll Monk)              Turns: 170, Time: 00:01:07

Health: 0/50       AC:  5    Str: 19    XL:     5   Next: 12%
Magic:  4/4        EV: 10    Int:  7    God:
Gold:   16         SH:  0    Dex: 12    Spells: 4/4 levels left

rFire    + . .     SeeInvis .     - Unarmed
rCold    + + .     Gourm    +   (no shield)
rNeg     . . .     Faith    .   a - +0 robe
rPois    +         Spirit   .   (helmet restricted)
rElec    +         Reflect  .   (no cloak)
rCorr    +         Harm     .   (gloves unavailable)
MR       .....                  (boots unavailable)
Stlth    ++........             (no amulet)
HPRegen  0.56/turn              e - ring of protection from cold
MPRegen  0.09/turn              (no ring)

@: resistant
A: unfitting armour, claws 3, fast metabolism 3, gourmand, regeneration 1,
shaggy fur 1, tough skin 2
a: no special abilities


You were on level 2 of the Dungeon.
You were not hungry.

You visited 1 branch of the dungeon, and saw 2 of its levels.

You collected 16 gold pieces.

Inventory:

Armour
 a - a +0 robe (worn)
Jewellery
 e - a ring of protection from cold (left claw)
Scrolls
 f - a scroll of immolation {unknown}
Comestibles
 b - 2 bread rations


   Skills:
 - Level 2.4 Fighting
 - Level 2.4 Dodging
 - Level 1.0 Stealth
 * Level 5.9 Unarmed Combat


You had 4 spell levels left.
You didn't know any spells.

Dungeon Overview and Level Annotations

Branches:
Dungeon (2/15)

Altars:


Innate Abilities, Weirdness & Mutations

You are too large for most types of armour.
You have claws for hands.
Your metabolism is lightning-fast.
You like to eat raw meat.
Your natural rate of healing is unusually fast.
You are covered in fur. (AC +1)
You have very tough skin. (AC +2)


Message History

You feel clever.
You feel stronger.
You have reached level 4!
You have reached level 5!
The hobgoblin hits you but does no damage.
Unknown command.
Unknown command.
You barely miss the hobgoblin.
The hobgoblin is heavily wounded.
The hobgoblin hits you but does no damage.
The goblin barely misses you.
Unknown command.
Unknown command.
You scratch the hobgoblin.
You kill the hobgoblin!
The goblin hits you.
* * * LOW HITPOINT WARNING * * *
Unknown command.
Unknown command.
You closely miss the goblin. The goblin hits you.
You die...

### ##<##
#.(.#
#))@#
#..g#
##)## #'#
... ..⌠..
......#
........
.@).......


You could see a goblin.

Vanquished Creatures
  Sigmund (D:2)
  A bat (D:1)
  A goblin (D:2)
  A hobgoblin (D:2)
  A kobold (D:2)
5 creatures vanquished.

Notes
Turn   | Place    | Note
-------+----------+-------------------------------------------
     0 | D:1      | 4thArraOfDagon the Troll Monk began the quest for the Orb.
     0 | D:1      | Reached XP level 1. HP: 22/22 MP: 0/0
   152 | D:2      | Noticed Sigmund
   165 | D:2      | HP: 1/22 [Sigmund/magic dart (8)]
   166 | D:2      | Killed Sigmund
   166 | D:2      | Reached skill level 5 in Unarmed Combat
   166 | D:2      | Reached XP level 2. HP: 1/29 MP: 1/1
   166 | D:2      | Reached XP level 3. HP: 2/36 MP: 2/2
   166 | D:2      | Reached XP level 4. HP: 2/44 MP: 3/3
   166 | D:2      | Reached XP level 5. HP: 3/50 MP: 4/4
   170 | D:2      | Slain by a goblin

Vault maps used:
D:1:      elethiomel_arrival_infinity_welcomes_careful_drivers,
          minmay_tetromino_s2
D:2:      st_stairs_9, grunt_ministairs_4, uniq_natasha, uniq_robin,
          uniq_sigmund

Skill      XL: |  1 |
---------------+----+-----
Unarmed Combat | 5 |  5.9
Fighting       | |  2.4
Dodging        | |  2.4
Stealth        | |  1.0

Action                   |  1- 3 |  4- 6 || total
-------------------------+-------+-------++-------
Melee: Unarmed           |    16 |     3 ||    19
  Use: Scroll            |     1 |       ||     1
       Potion            |     1 |       ||     1
 Stab: Sleeping          |     1 |       ||     1
  Eat: Chunk             |     1 |       ||     1
Armor: Robe              |    50 |     2 ||    52
Dodge: Dodged            |    54 |     1 ||    55

Table legend:
 A = Spawn XP
 B = Non-spawn XP
 C = Spawn XP percentage of total XP
 D = Spawn monster count
 E = Non-spawn monster count
 F = Spawn count percentage of total count
 G = Total turns spent on level
                    A         B        C        D         E        F      G
               +---------+---------+-------+---------+---------+-------+---------
         Total |       0 |     219 |   0.0 |       0 |       5 |   0.0 |   170
               +---------+---------+-------+---------+---------+-------+---------
           D:1 |       0 |       2 |   0.0 |       0 |       1 |   0.0 |   144
           D:2 |       0 |     217 |   0.0 |       0 |       4 |   0.0 |    26
               +---------+---------+-------+---------+---------+-------+---------
